 Dungeon Crawl Stone Soup version 0.17-a0-1393-gcb420ff (webtiles) character file.

72 Fluffy the Cudgeler (level 4, -12/28 HPs)
             Began as a Gargoyle Fighter on June 16, 2015.
             Mangled by an ogre
             ... wielding a +0 giant club
              (19 damage)
             ... on level 3 of the Dungeon.
             The game lasted 00:03:13 (1781 turns).

Fluffy the Cudgeler (Gargoyle Fighter)              Turns: 1781, Time: 00:03:13

Health: -12/28     AC: 10    Str: 19    XL:     4   Next: 26%
Magic:  4/4        EV:  7    Int:  9    God:
Gold:   101        SH:  9    Dex: 10    Spells: 0 memorised, 3 levels left

rFire  . . .     SeeInvis .     a - +0 flail
rCold  . . .     Clarity  .     b - +0 scale mail
rNeg   + . .     SustAt   .     c - +0 shield
rPois  ∞         Gourm    .     (no helmet)
rElec  +         Spirit   .     (no cloak)
rCorr  .         Warding  .     (no gloves)
rMut   .         Stasis   .     (no boots)
MR     .....                    (no amulet)
Stlth  ..........               (no ring)
                                (no ring)

@: not resistant to hostile enchantments, extremely unstealthy
A: negative energy resistance 1, electricity resistance, unbreathing,
petrification resistance, rot immunity, AC +3
a: no special abilities


You were on level 3 of the Dungeon.
You were not hungry.

You visited 1 branch of the dungeon, and saw 3 of its levels.

You collected 101 gold pieces.

Inventory:

Hand weapons
 a - a +0 flail (weapon)
Armour
 b - a +0 scale mail (worn)
 c - a +0 shield (worn)
Scrolls
 f - a scroll of teleportation {unknown}
 g - a scroll of enchant weapon {unknown}
 h - 2 scrolls of remove curse {unknown}
 j - a scroll of fog {unknown}
 o - a scroll of identify {unknown}
Potions
 d - a potion of might
 i - a potion of invisibility {unknown}
 k - a potion of mutation {unknown}
 m - a potion of resistance {unknown}
 n - a potion of cure mutation {unknown}
Comestibles
 e - 2 bread rations
 l - a royal jelly
 p - a meat ration


   Skills:
 - Level 3.2 Fighting
 + Level 4.4 Maces & Flails
 - Level 3.2 Armour
 - Level 3.2 Shields


You had 3 spell levels left.
You didn't know any spells.

Dungeon Overview and Level Annotations

Branches:
Dungeon (3/15)

Altars:
Elyvilon
Ru
Zin
The Shining One


Innate Abilities, Weirdness & Mutations

You are resistant to torment.
Your stone body is resilient (AC +3).
You are immune to poison.
You resist negative energy.
You are resistant to electric shocks.
You can survive without breathing.
You are immune to petrification.
You are immune to rotting.


Message History

The ogre barely misses you.
You hit the ogre.
The ogre is lightly wounded.
The ogre hits you with a giant club.
Your shield prevents you from hitting the ogre.
The ogre is lightly wounded.
The ogre barely misses you.
You closely miss the ogre.
The ogre is lightly wounded.
You block the ogre's attack.
You hit the ogre but do no damage.
The ogre is lightly wounded.
The ogre hits you with a giant club!
Ouch! That really hurt!
* * * LOW HITPOINT WARNING * * *
You hit the ogre.
The ogre is moderately wounded.
The ogre hits you with a giant club!!
Ouch! That really hurt!
You die...

.r . )( ... . .. .. #..##
... ##. ...# ....#..
####### #....# .......
......#.. ..#.#
.......####........ ..#..
.......O@.).####.####.#..
.......###..##.....##.#..
....... #.(#.......#.#..
....... ##.#.......#....
....... #....._......##
####### #.#.......#..#
#.#.......#..#
#.##.....##..##
#.####.####.<..


You could see an ogre.

Vanquished Creatures
  2 adders (D:2)
  A worm (D:2)
  3 giant geckos
  6 orcs (D:3)
  2 ball pythons (D:2)
  7 hobgoblins (D:2)
  A quokka (D:3)
  2 bats
  4 giant newts
  6 goblins
  3 jackals (D:1)
  5 kobolds
  5 rats
47 creatures vanquished.

Notes
Turn   | Place    | Note
--------------------------------------------------------------
     0 | D:1      | Fluffy the Gargoyle Fighter began the quest for the Orb.
     0 | D:1      | Reached XP level 1. HP: 14/14 MP: 1/1
   157 | D:1      | Reached XP level 2. HP: 19/19 MP: 2/2
   926 | D:2      | Reached XP level 3. HP: 23/23 MP: 3/3
  1006 | D:2      | Found a white marble altar of Elyvilon.
  1007 | D:2      | Found a glowing silver altar of Zin.
  1008 | D:2      | Found a glowing golden altar of the Shining One.
  1167 | D:2      | Reached skill level 4 in Maces & Flails
  1538 | D:3      | Reached XP level 4. HP: 25/28 MP: 4/4
  1736 | D:3      | Found a sacrificial altar of Ru.
  1766 | D:3      | Noticed an ogre
  1781 | D:3      | Mangled by an ogre

Vault maps used:
D:1:      dpeg_arrival_chambers_temple_mockup
D:2:      good_gods_temple_1
D:3:      old_standard_altar, old_standard_altar, okawaru_ov_weapons_minmay

Action                   |  1- 3 |  4- 6 || total
-------------------------+-------+-------++-------
Melee: Flail             |   125 |    44 ||   169
  Eat: Chunk             |     2 |     1 ||     3
